AoeStats
← Maximo10

Arabia

509528283Analyzed
3v3 RM · 7d ago on Sep 27, 2026· 54m 33s· 6 players
Game mode
Random Map
Map size
Normal (6 player)
Population
200
Speed
Normal
Resources
Standard
Victory
Conquest
Starting age
Dark Age
Ending age
Imperial Age
RankedLock teamsTeams togetherTeam positionsShared explorationLock speedFull tech treeHidden civsTurbo modeCheats
Victory
Defeat
🇳🇮 Shu · Nicaragua
894
+13
🇳🇮 Wei · Nicaragua
884
+13
🇺🇸 Chinese · United States
731
+20
🇦🇷 Franks · Argentina
849
-38
🇨🇱 Vietnamese · Chile
829
-16
🇨🇳 Khitans · China
796
-14
cold hand
10:47 Feudal Age
9:49 Loom
11:16 Double-Bit Axe
11:21 Domestication
20:50 Castle Age
19:20 Stone Mining
20:33 Gold Mining
22:40 Forging
22:36 Scale Barding Armor
22:48 Bow Saw
23:15 Pastoralism
24:13 Husbandry
26:08 Iron Casting
27:56 Town Watch
28:49 Wheelbarrow
28:10 Treadmill Crane
29:11 Scale Mail Armor
31:16 Stone Shaft Mining
31:26 Chain Mail Armor
32:11 Lamellar Armor
35:48 Fervor
36:57 Hand Cart
39:52 Imperial Age
41:19 Conscription
40:21 Elite Liao Dao
40:32 Capped Ram
41:49 Plate Mail Armor
41:11 Fletching
41:28 Gambesons
41:43 Squires
41:29 Arson
43:27 Two-Man Saw
43:09 Transhumance
43:17 Padded Archer Armor
43:13 Bodkin Arrow
43:43 Thumb Ring
42:58 Elite Skirmisher
43:33 Imperial Skirmisher
50:49 Leather Archer Armor
50:34 Bracer
Maximo10
3:31 Loom
11:05 Feudal Age
16:41 Castle Age
15:32 Double-Bit Axe
15:29 Horse Collar
15:42 Gold Mining
17:52 Bow Saw
17:54 Fletching
21:44 Bodkin Arrow
21:19 Elite Skirmisher
24:13 Padded Archer Armor
24:01 Town Watch
29:08 Pikeman
32:14 Scale Mail Armor
36:02 Forging
36:12 Leather Archer Armor
36:51 Treadmill Crane
39:20 Forging
39:26 Chain Mail Armor
Negro Cosmico
12:18 Feudal Age
17:22 Double-Bit Axe
17:35 Gold Mining
22:41 Man-at-Arms
24:18 Wheelbarrow
23:47 Stone Mining
26:36 Loom
29:12 Castle Age
29:45 Forging
29:42 Scale Barding Armor
30:19 Scale Mail Armor
29:53 Light Cavalry
31:19 Long Swordsman
31:22 Pikeman
34:30 Caravan
35:01 Coinage
35:21 Hand Cart
35:52 Gold Shaft Mining
36:56 Chain Barding Armor
37:12 Iron Casting
37:45 Chain Mail Armor
40:20 Gambesons
40:36 Squires
40:22 Arson
43:37 Imperial Age
51:37 Capped Ram
Thwart
0:35 Loom
14:25 Feudal Age
16:36 Double-Bit Axe
21:44 Stone Mining
25:58 Castle Age
25:00 Gold Mining
25:59 Wheelbarrow
25:10 Town Watch
28:02 Bloodlines
28:52 Bow Saw
28:29 Horse Collar
29:50 Stone Shaft Mining
29:56 Squires
29:17 Pikeman
30:01 Husbandry
29:23 Light Cavalry
32:06 Fortified Wall
33:00 Gold Shaft Mining
33:27 Hand Cart
34:48 Murder Holes
35:05 Masonry
37:05 Town Patrol
37:26 Arson
37:02 Man-at-Arms
38:08 Ballistics
39:07 Long Swordsman
42:31 Imperial Age
40:21 Great Wall
42:08 Elite Skirmisher
42:53 Thumb Ring
42:59 Padded Archer Armor
42:59 Scale Mail Armor
43:05 Scale Barding Armor
43:11 Forging
42:52 Fletching
42:41 Halberdier
43:49 Conscription
42:59 Sappers
44:48 Chain Mail Armor
44:39 Heavy Plow
djowyn
9:08 Loom
12:54 Feudal Age
14:30 Double-Bit Axe
18:55 Horse Collar
19:53 Bloodlines
24:00 Castle Age
22:18 Scale Barding Armor
24:55 Forging
24:49 Husbandry
27:10 Chain Barding Armor
26:54 Heavy Plow
26:52 Gold Mining
28:54 Iron Casting
29:32 Bow Saw
30:54 Wheelbarrow
31:07 Stone Mining
32:25 Town Watch
36:53 Imperial Age
35:50 Scale Mail Armor
35:51 Padded Archer Armor
35:41 Fletching
37:00 Gold Shaft Mining
36:00 Pikeman
36:41 Squires
37:51 Heavy Hei Guang Cavalry
38:53 Tuntian
41:02 Hand Cart
41:53 Hoardings
43:37 Stone Shaft Mining
46:18 Blast Furnace
45:34 Leather Archer Armor
45:15 Bodkin Arrow
46:41 Ming Guang Armor
46:38 Conscription
46:52 Chain Mail Armor
51:56 Ballistics
52:37 Chemistry
51:28 Heated Shot
51:53 Masonry
53:42 Crop Rotation
53:47 Ring Archer Armor
53:18 Bracer
mperez
7:47 Loom
10:22 Feudal Age
11:20 Double-Bit Axe
11:17 Horse Collar
16:37 Fletching
20:22 Castle Age
18:55 Padded Archer Armor
19:08 Gold Mining
20:48 Scale Barding Armor
20:54 Forging
21:03 Bodkin Arrow
20:34 Crossbowman
21:31 Leather Archer Armor
22:12 Forging
24:46 Town Watch
27:16 Wheelbarrow
27:39 Stone Mining
28:02 Bow Saw
27:53 Heavy Plow
29:39 Hand Cart
35:25 Imperial Age
34:25 Gold Shaft Mining
34:38 Ballistics
34:00 Treadmill Crane
34:31 Masonry
34:17 Murder Holes
34:34 Thumb Ring
36:09 Bracer
37:12 Chemistry
36:21 Siege Engineers
37:47 Two-Man Saw
36:25 Arbalester
38:43 Bolt Magazine
40:33 Architecture
39:58 Murder Holes
40:45 Ring Archer Armor
Connection lost

Rejoining the realm…

Still unreachable

The connection could not be restored.

Session expired

The server has moved on; the page needs a fresh start.